[Event "*** Titled Tuesday 3|2 Blitz"]
[Site "Chess.com"]
[Date "2016.05.03"]
[Round "7"]
[White "FearNoEvil12"]
[Black "YuriyKrykun"]
[Result "0-1"]
[WhiteElo "1897"]
[BlackElo "2280"]
[TimeControl "180+2"]
[EndTime "12:30:39 PDT"]
[Termination "YuriyKrykun won by resignation"]

1. e4 c5 2. Nf3 Nc6 3. d4 cxd4 4. Nxd4 e5 5. Nb5 a6 6. Nd6+ Bxd6 7. Qxd6 Qe7 8.
Qxe7+ Ngxe7 9. Nc3 d5 10. exd5 Nb4 11. Bd3 Nxd3+ 12. cxd3 Bf5 13. Ke2 Rd8 14. Be3 Nxd5 15. Rhd1 O-O 16. Rac1 f6 17. f3 Nxe3 18. Kxe3 Rd7 19.
Ne4 Rfd8 20. Rc3 Bxe4 21. fxe4 Kf7 22. Rf1 Ke6 23. g4 g5 24. Rh1 h5 25. gxh5 Rh8 26.
Rcc1 Rxh5 27. h3 Rdh7 28. Kd2 Rxh3 29. Rxh3 Rxh3 30. Rc7 Rh2+ 31. Kc3 b5 32. Rc6+ Kf7 33. Rxa6 g4 34. a4 g3 35. axb5 g2 36. Ra7+ Kg6 37. Ra8 Kh7 38. Ra7+ Kh6 39. Ra8 g1=Q 0-1

[Event "*** Titled Tuesday 3|2 Blitz"]
[Site "Chess.com"]
[Date "2016.05.03"]
[Round "7"]
[White "vinceyoung15"]
[Black "Badouuu"]
[Result "1-0"]
[WhiteElo "2147"]
[BlackElo "1992"]
[TimeControl "180+2"]
[EndTime "12:30:56 PDT"]
[Termination "vinceyoung15 won by resignation"]

1. e4 c5 2. Nf3 Nc6 3. c3 g6 4. d4 Bg7 5. Be3 cxd4 6. cxd4 Nf6 7.
Nc3 O-O 8. e5 Ng4 9. Bf4 d6 10.
exd6 exd6 11. Be2 Nf6 12. d5 Ne7 13. O-O a6 14. Qd2 Nf5 15. a4 Nh5 16. Bg5 f6 17. g4 fxg5 18. gxh5 g4 19. Ng5 gxh5 20. Ne6 Qf6 21. Ne4 Qxb2 22. Qxb2 Bxb2 23. Rab1 Bxe6 24. dxe6 Be5 25. Rxb7 Nd4 26. Bc4 Kh8 27. e7 Rfb8 28. Rxb8+ Rxb8 29. Bf7 d5 30. Nc5 Nf3+ 31. Kh1 Nd2 32.
Rd1 Ne4 33. Nxe4 1-0

[Event "*** Titled Tuesday 3|2 Blitz"]
[Site "Chess.com"]
[Date "2016.05.03"]
[Round "7"]
[White "KuzubovYuriy"]
[Black "exoticprincess"]
[Result "0-1"]
[WhiteElo "2608"]
[BlackElo "2809"]
[TimeControl "180+2"]
[EndTime "12:30:58 PDT"]
[Termination "exoticprincess won by resignation"]

1. d4 Nf6 2. c4 g6 3. Nc3 Bg7 4. Bg5 h6 5. Bh4 g5 6. Bg3 Nh5 7. e3 Nxg3 8. hxg3 d6 9. Bd3 Nd7 10. f4 Nf6 11. Nf3 c6 12. Qc2 Bd7 13. O-O-O Qa5 14.
Kb1 O-O-O 15. e4 Ng4 16. Rhe1 Kb8 17. e5 gxf4 18. gxf4 dxe5 19. dxe5 Qb6 20. Na4 Qf2 21. Re2 Qg3 22. Nc5 Bc8 23. Qc1 Nf2 24. Ne4 Nxe4 25. Bxe4 Rxd1 26. Qxd1 Qxf4 27. Bc2 Qxc4 28. Bb3 Rd8 29.
Qxd8 Qxe2 30. a3 Qxg2 31. Qxe7 Qxf3 32. Qd6+ Ka8 33. Ka2 a6 34. Qd8 Qf5 35. e6 Qe5 0-1

[Event "*** Titled Tuesday 3|2 Blitz"]
[Site "Chess.com"]
[Date "2016.05.03"]
[Round "7"]
[White "CraiggoryC"]
[Black "Grootneus"]
[Result "1-0"]
[WhiteElo "2090"]
[BlackElo "2035"]
[TimeControl "180+2"]
[EndTime "12:31:13 PDT"]
[Termination "CraiggoryC won by checkmate"]

1. e4 c5 2. d4 cxd4 3. Nf3 Nc6 4.
Nxd4 Nf6 5. Nc3 e5 6. Ndb5 d6 7. Bg5 a6 8. Na3 b5 9. Bxf6 gxf6 10. Nd5 f5 11. Bxb5 axb5 12. Nxb5 Ra4 13. b4 Rxb4 14.
Nbc7+ Kd7 15. O-O Rxe4 16. Qh5 Nd4 17. c3 Ne2+ 18. Kh1 Kc6 19. Rab1 Be6 20. Rb6+ Kc5 21.
Rfb1 Bxd5 22. R1b5+ Kc4 23. Rb4+ Kd3 24. Qf3+ Kd2 25. Rb2+ Ke1 26. Rb1+ Nc1 27. Rxc1+ Kd2 28. Qd1# 1-0

[Event "*** Titled Tuesday 3|2 Blitz"]
[Site "Chess.com"]
[Date "2016.05.03"]
[Round "7"]
[White "Zhani-Z"]
[Black "AndrewMcStone"]
[Result "1-0"]
[WhiteElo "2176"]
[BlackElo "1987"]
[TimeControl "180+2"]
[EndTime "12:31:16 PDT"]
[Termination "Zhani-Z won by resignation"]

1. e4 e6 2. d4 d5 3. Nd2 Nf6 4. e5 Nfd7 5. Bd3 c5 6. c3 Nc6 7. Ne2 cxd4 8. cxd4 f6 9. exf6 Nxf6 10. Nf3 Bd6 11.
O-O Qc7 12. Bg5 O-O 13. Rc1 a6 14. Ng3 Bd7 15. Re1 h6 16. Bd2 Qb6 17. Bc3 Bf4 18.
Rc2 Rac8 19. Rce2 Nb4 20. Bxb4 Qxb4 21. Ne5 Bxe5 22. dxe5 Ng4 23. a3 Qb6 24. Rf1 Rf4 25.
h3 Nxf2 26. Rfxf2 Rcf8 27. Nh1 Qd4 28. Bh7+ 1-0

[Event "*** Titled Tuesday 3|2 Blitz"]
[Site "Chess.com"]
[Date "2016.05.03"]
[Round "7"]
[White "severomorskij"]
[Black "psv98"]
[Result "1-0"]
[WhiteElo "2604"]
[BlackElo "2481"]
[TimeControl "180+2"]
[EndTime "12:31:18 PDT"]
[Termination "severomorskij won on time"]

1. d4 Nf6 2. c4 e6 3. Nf3 b6 4. g3 Bb7 5. Bg2 Bb4+ 6. Bd2 a5 7. O-O O-O 8. Bg5 Na6 9. c5 a4 10. a3 Ba5 11. Qxa4 Bc6 12. Qc2 bxc5 13. dxc5 h6 14. Be3 Be4 15. Qc1 c6 16. b4 Bc7 17. Nbd2 Bd5 18. Bd4 Ne4 19. Nxe4 Bxe4 20. Rd1 Bd5 21. Bb2 f6 22. Qc3 e5 23. Nh4 Bxg2 24. Nxg2 Qe7 25. Ne3 f5 26. Qd3 f4 27. Nc4 1-0

[Event "*** Titled Tuesday 3|2 Blitz"]
[Site "Chess.com"]
[Date "2016.05.03"]
[Round "7"]
[White "Krasimir_Rusev"]
[Black "oskariot"]
[Result "0-1"]
[WhiteElo "2477"]
[BlackElo "2437"]
[TimeControl "180+2"]
[EndTime "12:31:24 PDT"]
[Termination "oskariot won by resignation"]

1. Nf3 c5 2. c4 g6 3. h4 Nf6 4. b3 d6 5. Bb2 Bg7 6. Nc3 Nc6 7. e3 O-O 8. Be2 Bg4 9. Ng5 Bxe2 10. Qxe2 h6 11.
Qf3 Ne5 12. Qe2 hxg5 13. hxg5 Nfd7 14. f4 Nc6 15. g3 f5 16. gxf6 Nxf6 17. O-O-O d5 18.
Qd3 dxc4 19. Qxg6 Qd3 20. Qxd3 cxd3 21. Nb5 Ng4 22. Rh5 Bxb2+ 23. Kxb2 Nf6 24. Rxc5 Rf7 25. Nc7 Rc8 26. Ne6 Rh7 27. g4 Ne4 28. Rc4 Nd6 29.
Rc5 Rh2 30. Rc3 Ne4 0-1

[Event "*** Titled Tuesday 3|2 Blitz"]
[Site "Chess.com"]
[Date "2016.05.03"]
[Round "7"]
[White "cool64chess"]
[Black "Kawhi_Leonard2"]
[Result "0-1"]
[WhiteElo "2199"]
[BlackElo "2087"]
[TimeControl "180+2"]
[EndTime "12:31:26 PDT"]
[Termination "Kawhi_Leonard2 won by resignation"]

1. d4 Nf6 2. c4 e6 3. Nc3 Bb4 4. f3 d5 5. a3 Be7 6. e3 c5 7.
Bd3 Nc6 8. Nge2 O-O 9. O-O dxc4 10. Bxc4 cxd4 11. exd4 a6 12. Be3 b5 13. Ba2 Bb7 14.
d5 exd5 15. Nxd5 Re8 16. Nxe7+ Qxe7 17. Bg5 Qxe2 18. Qd6 Rad8 19. Qg3 Qe5 20. Bf4 Qc5+ 21. Kh1 Nh5 22. Qh4 Nxf4 23. Qxf4 Ne5 24. Rfe1 Nc4 25. Rec1 Qe3 26. Qg3 Qd2 27. h3 Qxb2 28.
Bxc4 bxc4 29. Rcb1 Qf6 0-1

[Event "*** Titled Tuesday 3|2 Blitz"]
[Site "Chess.com"]
[Date "2016.05.03"]
[Round "7"]
[White "Mischuk_D"]
[Black "cabalista"]
[Result "0-1"]
[WhiteElo "2451"]
[BlackElo "2374"]
[TimeControl "180+2"]
[EndTime "12:31:30 PDT"]
[Termination "cabalista won on time"]

1. e4 e5 2. Nf3 Nc6 3. d4 exd4 4.
Nxd4 Bc5 5. Nb3 Bb6 6. Nc3 Nf6 7.
Qe2 O-O 8. Bg5 h6 9. Bh4 Re8 10. O-O-O a5 11. a4 Nb4 12. Qc4 d6 13. f3 c6 14. Bg3 d5 15. Qe2 Qe7 16. e5 Nh5 17.
f4 Nxg3 18. hxg3 Bf5 19. Nd4 Bxd4 20. Rxd4 Nxc2 21. Rd2 Nb4 22. g4 Bh7 23. g5 d4 24.
Rxd4 Rad8 25. Rxd8 Rxd8 26. Qe3 Qe6 27. g4 Qb3 28.
Rh2 Na2+ 0-1

[Event "*** Titled Tuesday 3|2 Blitz"]
[Site "Chess.com"]
[Date "2016.05.03"]
[Round "7"]
[White "BahadirOzen"]
[Black "Winehouse83"]
[Result "1-0"]
[WhiteElo "2498"]
[BlackElo "2360"]
[TimeControl "180+2"]
[EndTime "12:31:50 PDT"]
[Termination "BahadirOzen won on time"]

1. b3 e5 2. Bb2 Nc6 3. e3 a6 4.
d4 exd4 5. exd4 d5 6. Nf3 Nf6 7. Be2 Bb4+ 8. c3 Bd6 9. O-O Ne7 10. c4 c6 11. Ba3 Bxa3 12. Nxa3 O-O 13. Nc2 Bg4 14. Ne3 Bxf3 15. Bxf3 Qd7 16. Qd3 Rad8 17. Rfd1 Rfe8 18. Rac1 g6 19. g3 h5 20. h4 Qh3 21.
Bg2 Qd7 22. Bf3 Qh3 23. Re1 Kg7 24. Rcd1 b5 25. Re2 Nc8 26. Rde1 Nd6 27. cxd5 cxd5 28. Nxd5 Rxe2 29. Rxe2 Nxd5 30. Bxd5 Nf5 31. Qe4 Qg4 32. Qe5+ Kg8 33. Bxf7+ Kxf7 34. Qc7+ 1-0

[Event "*** Titled Tuesday 3|2 Blitz"]
[Site "Chess.com"]
[Date "2016.05.03"]
[Round "7"]
[White "AdrianaNikolova"]
[Black "NaziPaiki"]
[Result "1-0"]
[WhiteElo "2279"]
[BlackElo "2593"]
[TimeControl "180+2"]
[EndTime "12:31:52 PDT"]
[Termination "AdrianaNikolova won by resignation"]

1. e4 c5 2. c3 d5 3. exd5 Qxd5 4. d4 Nf6 5. Nf3 e6 6. Bd3 Be7 7. O-O O-O 8. Be3 cxd4 9. cxd4 Nc6 10. Nc3 Qd6 11.
a3 b6 12. Qe2 Bb7 13. Rad1 Rad8 14. Bb1 Nd5 15. Rfe1 g6 16. Ne4 Qd7 17. Bh6 Rfe8 18. Ba2 Rc8 19. h4 Red8 20. h5 Qc7 21. hxg6 hxg6 22.
Nfg5 Bf8 23. Bxf8 Kxf8 24. Qf3 Qf4 25. Qh3 Ke7 26. g3 Qf5 27. Qh4 Rh8 28. Nh7+ Kd7 29.
Bxd5 g5 30. Nef6+ Kd6 31. Qxg5 Rxh7 32. Nxh7 Qxg5 33. Nxg5 Kxd5 34. Nxf7 Rg8 35. Re3 Rg7 36. Ne5 Ne7 37. g4 Kd6 38. f3 Nd5 39. Ree1 Rh7 40. Kf2 Rh2+ 41. Kg3 Rxb2 42. Nc4+ Kd7 43. Nxb2 Ne7 44.
Nd3 Kd6 45. Ne5 Nd5 46. Rc1 b5 47. Nd3 1-0

[Event "*** Titled Tuesday 3|2 Blitz"]
[Site "Chess.com"]
[Date "2016.05.03"]
[Round "7"]
[White "LyonBeast"]
[Black "platy3"]
[Result "1/2-1/2"]
[WhiteElo "2790"]
[BlackElo "2662"]
[TimeControl "180+2"]
[EndTime "12:32:03 PDT"]
[Termination "Game drawn by agreement"]

1. e4 c5 2. Nf3 e6 3. c3 Nf6 4. e5 Nd5 5. d4 cxd4 6. cxd4 b6 7. Nc3 Nxc3 8. bxc3 Qc7 9. Bd2 Bb7 10. Bd3 d6 11. O-O Nd7 12. Re1 Be7 13. exd6 Bxd6 14. Ng5 Nf6 15.
Bb5+ Bc6 16. Qf3 Rc8 17. Nxe6 fxe6 18. Rxe6+ Kd8 19. Bxc6 Qxc6 20. Bf4 Qxf3 21. Rxd6+ Ke7 22. gxf3 Rxc3 23. Re1+ Kf7 24. Kg2 Re8 25. Re5 Rd3 26. a4 Re7 27. a5 Rd7 28. Rxd7+ Nxd7 29. Rd5 Nf6 30. Rb5 Rxd4 31. axb6 axb6 32. Be3 Rd5 33. Rxb6 Kg6 1/2-1/2

[Event "*** Titled Tuesday 3|2 Blitz"]
[Site "Chess.com"]
[Date "2016.05.03"]
[Round "7"]
[White "simonachess"]
[Black "ChessWarrior7197"]
[Result "0-1"]
[WhiteElo "2128"]
[BlackElo "2471"]
[TimeControl "180+2"]
[EndTime "12:32:08 PDT"]
[Termination "ChessWarrior7197 won by checkmate"]

1. d4 Nf6 2. c4 e6 3. Nf3 d5 4. Nc3 Be7 5. Bg5 O-O 6. e3 Nbd7 7. cxd5 exd5 8. Bd3 c6 9. O-O Re8 10. Qc2 h6 11.
Bf4 Nf8 12. h3 b6 13. Ne5 Bb7 14. Rfd1 Rc8 15. Rac1 Ne6 16. Bh2 Bd6 17. Qa4 a5 18. Qc2 Bb8 19. Qb3 c5 20. Bb5 Rf8 21. Ne2 cxd4 22.
exd4 Bd6 23. Rxc8 Qxc8 24. Rc1 Qb8 25. Qe3 Rc8 26. f3 Rxc1+ 27. Qxc1 Nxd4 28. Nxd4 Bxe5 29. Bxe5 Qxe5 30. Qd2 g6 31. Kf2 Kg7 32. a3 Nh5 33. Ne2 Nf6 34. Nd4 Qd6 35. Qc3 Qf4 36. g3 Ne4+ 37.
Kf1 Nxg3+ 38. Kg2 Kh7 39. Bd7 Nh5 40. Bg4 Nf6 41. Ne2 Qd6 42. Qd4 h5 43. Nf4 hxg4 44.
hxg4 Bc6 45. g5 Nd7 46. Nd3 Nc5 47. Ne5 Ne6 48. Qh4+ Kg8 49. Ng4 Nf4+ 50. Kf2 Qc5+ 51.
Kg3 Ne2+ 52. Kh2 Qg1+ 53. Kh3 Nf4# 0-1

[Event "*** Titled Tuesday 3|2 Blitz"]
[Site "Chess.com"]
[Date "2016.05.03"]
[Round "7"]
[White "motivated_bishop"]
[Black "Pomoc"]
[Result "1-0"]
[WhiteElo "2305"]
[BlackElo "2081"]
[TimeControl "180+2"]
[EndTime "12:32:16 PDT"]
[Termination "motivated_bishop won by resignation"]

1. d4 Nf6 2. c4 g6 3. Nc3 d5 4. cxd5 Nxd5 5. e4 Nxc3 6. bxc3 Bg7 7. Nf3 c5 8. Be3 O-O 9. Be2 Qa5 10. O-O Nc6 11. d5 Ne5 12. Nxe5 Bxe5 13. c4 Bxa1 14. Qxa1 f6 15. e5 b6 16. Bh6 Bf5 17. d6 exd6 18. exd6 Rf7 19. Bf3 Rd8 20. Bd5 Rxd6 21. Re1 Bd7 22.
h4 Rxd5 23. cxd5 c4 24. d6 Qh5 25. Qc1 Qxh4 26. Qe3 Rg7 27. Bxg7 Kxg7 28. Qe7+ Kh6 29. Qxd7 Qf4 30. Qh3+ Kg7 31. Re7+ 1-0

[Event "*** Titled Tuesday 3|2 Blitz"]
[Site "Chess.com"]
[Date "2016.05.03"]
[Round "7"]
[White "tac49"]
[Black "Blitzstream"]
[Result "1/2-1/2"]
[WhiteElo "2566"]
[BlackElo "2423"]
[TimeControl "180+2"]
[EndTime "12:32:19 PDT"]
[Termination "Game drawn by repetition"]

1. Nf3 d5 2. d4 Nf6 3. c4 c6 4.
Nc3 e6 5. e3 Nbd7 6. Qc2 Bd6 7.
b3 O-O 8. Be2 Qe7 9. O-O e5 10.
cxd5 e4 11. Nh4 Nb6 12. f3 exf3 13. Nxf3 Nbxd5 14. Nxd5 cxd5 15. Ne5 Bxe5 16. dxe5 Qxe5 17. Bb2 Qxe3+ 18. Kh1 Ne4 19. Bd3 Bg4 20. h3 Ng3+ 21. Kh2 Nxf1+ 22. Rxf1 Rac8 23. Bxh7+ Kh8 24. Qb1 Be2 25.
Rf5 Bd3 26. Rh5 Qf4+ 27. Kh1 Bxb1 28. Bxb1+ Kg8 29. Bh7+ Kh8 30. Bb1+ Kg8 31. Bh7+ Kh8 32. Bb1+ 1/2-1/2

[Event "*** Titled Tuesday 3|2 Blitz"]
[Site "Chess.com"]
[Date "2016.05.03"]
[Round "7"]
[White "the_drake"]
[Black "Makalexa"]
[Result "0-1"]
[WhiteElo "2191"]
[BlackElo "2121"]
[TimeControl "180+2"]
[EndTime "12:32:25 PDT"]
[Termination "Makalexa won by resignation"]

1. e4 e5 2. Nf3 Nc6 3. Bc4 Bc5 4. b4 Bxb4 5. c3 Ba5 6. d4 exd4 7. Qb3 Qe7 8. O-O Nf6 9. Ba3 d6 10. e5 Nxe5 11.
Nxe5 Qxe5 12. cxd4 Qh5 13. Bxf7+ Qxf7 14. Qb5+ Bd7 15.
Qxa5 Bc6 16. Nc3 O-O 17. Qb4 Nd5 18. Qb3 Nxc3 19. Qxc3 Rae8 20. Bb2 Qd5 21. f3 Re2 22. Rf2 Rfe8 23. Raf1 R2e3 24. Qc2 h6 25. a3 Bb5 26. Qxc7 Re1 27. Qc3 Bxf1 28. Rxf1 Qe6 29. h3 Rxf1+ 30. Kxf1 Qe2+ 31. Kg1 Qe3+ 32. Kf1 Qxc3 33.
Bxc3 Re3 34. Bb4 d5 35. Kf2 Rb3 36. Bd6 Rd3 37. Ke2 Rxd4 38. Bc5 Ra4 39. Kd3 a6 40. Kc3 Rc4+ 0-1

[Event "*** Titled Tuesday 3|2 Blitz"]
[Site "Chess.com"]
[Date "2016.05.03"]
[Round "7"]
[White "kikydu96"]
[Black "saraswathii"]
[Result "1-0"]
[WhiteElo "2285"]
[BlackElo "1973"]
[TimeControl "180+2"]
[EndTime "12:32:27 PDT"]
[Termination "kikydu96 won by checkmate"]

1. e4 c5 2. c3 Nf6 3. e5 Nd5 4. d4 cxd4 5. Nf3 Nc6 6. cxd4 d6 7. Bc4 dxe5 8. dxe5 e6 9. O-O Bc5 10. Nc3 Nxc3 11.
Qxd8+ Kxd8 12. bxc3 Kc7 13. Rd1 Bd7 14. Nd4 a6 15. Nb3 Bb6 16. a4 Rac8 17. Ba3 Rcd8 18. a5 Ba7 19. Bd6+ Kc8 20. Nc5 Bxc5 21. Bxc5 Nxe5 22.
Be2 Bc6 23. Bd6 Ng6 24. Rab1 f5 25. Rb6 Bd5 26. c4 Be4 27. c5 Kd7 28. Bc4 Rhe8 29. f3 Bc6 30. Rdb1 e5 31. Rxb7+ Bxb7 32. Rxb7+ Kc8 33. Bxa6 e4 34. Ra7# 1-0

[Event "*** Titled Tuesday 3|2 Blitz"]
[Site "Chess.com"]
[Date "2016.05.03"]
[Round "7"]
[White "SmoothAsAHedgehog"]
[Black "underdogchss"]
[Result "1-0"]
[WhiteElo "2528"]
[BlackElo "2362"]
[TimeControl "180+2"]
[EndTime "12:32:31 PDT"]
[Termination "SmoothAsAHedgehog won by resignation"]

1. Nf3 d6 2. c4 g6 3. Nc3 Bg7 4.
g3 Bg4 5. Bg2 Qc8 6. h3 Bd7 7.
d4 Nc6 8. Rb1 h5 9. b3 Nh6 10.
Bb2 Nf5 11. e3 e5 12. d5 Nce7 13. Qe2 a6 14. O-O Nh6 15. e4 f6 16. Ne1 Bxh3 17. Nd3 Bxg2 18. Kxg2 Nf7 19. Rh1 c5 20. dxc6 bxc6 21. Rbd1 c5 22. b4 Ng5 23. bxc5 dxc5 24.
Ba3 Ne6 25. Nd5 Nd4 26. Qe3 Nxd5 27. cxd5 c4 28. Nc5 Bf8 29. Rxd4 Bxc5 30. Bxc5 Qxc5 31. Rd2 Qxe3 32. fxe3 Kd7 33. Rf1 Rhf8 34. Rc2 Rac8 35. Rfc1 Rb8 36. Rxc4 Rfc8 37. Rc6 Rxc6 38. Rxc6 Rb2+ 39.
Kf3 g5 40. g4 hxg4+ 41. Kxg4 Rxa2 42. Rxf6 Ra3 43. Kf5 Rxe3 44. Rxa6 g4 45. Rg6 g3 46. Kxe5 Ke7 47. Kf4 Re1 48. Rxg3 Kd6 49. Rg6+ Kc5 50. Ke5 Kc4 51. d6 Kd3 52. Rg3+ Kc4 53. d7 Rd1 54.
Ke6 Kc5 55. Rc3+ 1-0

[Event "*** Titled Tuesday 3|2 Blitz"]
[Site "Chess.com"]
[Date "2016.05.03"]
[Round "7"]
[White "spectralsoul"]
[Black "AvitalBor"]
[Result "1-0"]
[WhiteElo "2551"]
[BlackElo "2362"]
[TimeControl "180+2"]
[EndTime "12:32:46 PDT"]
[Termination "spectralsoul won by resignation"]

1. Nf3 d5 2. c4 d4 3. b4 a5 4. b5 c5 5. e3 g6 6. exd4 cxd4 7. Bd3 Bg7 8. O-O Nd7 9. Ba3 b6 10. Be4 Ra7 11. d3 e6 12. Nbd2 Ne7 13. Nb3 e5 14. Re1 O-O 15. Bc6 f6 16. Nbxd4 Nc5 17. Nb3 Nxd3 18.
Bxe7 Rxe7 19. Bd5+ Kh8 20. Qxd3 f5 21. Rad1 e4 22.
Qe2 Qc7 23. Nfd4 Be5 24. g3 f4 25. Nc6 fxg3 26. fxg3 Bxg3 27. hxg3 Rf3 28. Qb2+ Rg7 29. Qe5 Rxg3+ 30. Kh2 Rh3+ 31. Kg2 Qxe5 32. Nxe5 Re7 33. Rxe4 Kg7 34. Rde1 Bf5 35. R4e3 Rh4 36. Nf3 Rxe3 37. Rxe3 Rg4+ 38. Kf2 h5 39. Nbd4 h4 40. Nxf5+ gxf5 41. Re7+ Kh6 42. Re6+ Kg7 43. Rxb6 h3 44. Rb7+ Kh6 45.
Rb8 Rg2+ 46. Ke3 Kh7 47. Rb7+ Kh6 48. Rf7 Rg3 49. Kf4 Rg1 50. Nxg1 h2 51. Ne2 1-0

[Event "*** Titled Tuesday 3|2 Blitz"]
[Site "Chess.com"]
[Date "2016.05.03"]
[Round "7"]
[White "rhungaski"]
[Black "yian123"]
[Result "0-1"]
[WhiteElo "2440"]
[BlackElo "2426"]
[TimeControl "180+2"]
[EndTime "12:32:46 PDT"]
[Termination "yian123 won by checkmate"]

1. e4 e5 2. Nf3 Nc6 3. Bb5 a6 4. Bxc6 dxc6 5. O-O Qf6 6. d4 exd4 7. Bg5 Qd6 8. Nxd4 Bd7 9. Nc3 Be7 10. Be3 O-O-O 11. Qf3 Qg6 12. h3 Nh6 13. Rfd1 f5 14. Bxh6 fxe4 15. Qxe4 Qxe4 16. Nxe4 gxh6 17. Rd2 c5 18. Ne2 Bf5 19. Rxd8+ Rxd8 20. N2g3 Bg6 21. Re1 h5 22. f3 h4 23. Nf1 c4 24. Kf2 b5 25. Ke2 Bf8 26. Kf2 Bg7 27. c3 b4 28. Re2 bxc3 29. bxc3 Rd3 30. Ne3 Bxe4 31. fxe4 Bxc3 32. Nxc4 Bd4+ 33. Kf1 Rc3 34. Nd2 Rc1+ 35. Re1 Rc2 36. Nb3 Rf2+ 37. Kg1 Bb6 38. e5 Rxa2+ 39. Kh1 Kd7 40. e6+ Ke7 41. Rb1 Kxe6 42. Nc1 Rd2 43. Nb3 Re2 44. Ra1 Ke5 45. Rxa6 Re1+ 46. Kh2 Bg1+ 47. Kh1 Bf2+ 48. Kh2 Bg3# 0-1

[Event "*** Titled Tuesday 3|2 Blitz"]
[Site "Chess.com"]
[Date "2016.05.03"]
[Round "7"]
[White "iturrizaga"]
[Black "evgenyermolaev"]
[Result "1-0"]
[WhiteElo "2572"]
[BlackElo "2293"]
[TimeControl "180+2"]
[EndTime "12:32:49 PDT"]
[Termination "iturrizaga won by resignation"]

1. Nf3 Nf6 2. c4 c5 3. Nc3 g6 4. d4 cxd4 5. Nxd4 Bg7 6. g3 O-O 7. Bg2 Nc6 8. O-O d6 9. Nc2 Be6 10.
b3 Rc8 11. Bb2 Nd7 12. Qd2 f5 13. Rfd1 Nc5 14. Rac1 a5 15. Na3 Nb4 16. Nab5 Bf7 17.
Qe3 Nxa2 18. Ra1 Nb4 19. Rab1 Nxb3 20. Bxb7 Rxc4 21. Bg2 Rc8 22. Na4 Nc5 23. Bxg7 Kxg7 24. Nac3 Kg8 25. h4 Rb8 26. h5 Qd7 27. Nd4 e5 28. Nf3 Qe7 29. Qh6 Be8 30. hxg6 hxg6 31. Ng5 Ne6 32. Bd5 Nxd5 33. Nxd5 Qxg5 34. Qxg5 Nxg5 35.
Rxb8 a4 36. Rb6 a3 37. Rxd6 Bf7 38. Ra6 Kg7 39. Rxa3 Rd8 40. Ra7 Kh6 41. Ne3 Rxd1+ 42. Nxd1 Ne4 43. Rxf7 1-0

[Event "*** Titled Tuesday 3|2 Blitz"]
[Site "Chess.com"]
[Date "2016.05.03"]
[Round "7"]
[White "BartoszSocko"]
[Black "Boryboy"]
[Result "0-1"]
[WhiteElo "2639"]
[BlackElo "2540"]
[TimeControl "180+2"]
[EndTime "12:32:49 PDT"]
[Termination "Boryboy won by resignation"]

1. e4 e6 2. d4 d5 3. exd5 exd5 4. Bd3 Bd6 5. Nc3 c6 6. Nge2 Nf6 7. Bg5 O-O 8. Qd2 Na6 9. O-O-O Nb4 10. Kb1 Nxd3 11. Qxd3 b5 12. Bf4 Be7 13. Ng3 a5 14. Rhe1 a4 15. Nf5 Bb4 16. a3 Bxf5 17. Qxf5 Bxc3 18. bxc3 Ne4 19. Bd2 Nd6 20. Qg5 f6 21. Qg4 Nc4 22.
Qe6+ Kh8 23. Qxc6 Nxa3+ 24. Ka2 Nxc2 25. Re6 b4 26. Kb2 b3 27. Rd6 Qe7 28. Bf4 Rfc8 29. Qxd5 Qe2 30. Qf3 a3+ 31. Kb1 a2+ 32. Kb2 Qxf3 33.
gxf3 a1=Q+ 34. Rxa1 Nxa1 35. Be3 Ra2+ 36. Kb1 Nc2 37. Rb6 Na3+ 38. Kc1 b2+ 39. Rxb2 Rxb2 40. Kxb2 Nc4+ 41. Kb3 Kg8 42. Bf4 Kf7 43. d5 Ke7 44. Kb4 Kd7 45. h4 Ne5 46. Bg3 h5 47. f4 Nf7 48. f5 Nd6 49. Bh2 Rc4+ 50. Kb3 Rxh4 0-1

[Event "*** Titled Tuesday 3|2 Blitz"]
[Site "Chess.com"]
[Date "2016.05.03"]
[Round "7"]
[White "jk13"]
[Black "pedromartinez91"]
[Result "1-0"]
[WhiteElo "2416"]
[BlackElo "2348"]
[TimeControl "180+2"]
[EndTime "12:32:50 PDT"]
[Termination "jk13 won by resignation"]

1. e4 e6 2. d4 d5 3. Nd2 Nf6 4. Bd3 c5 5. dxc5 Bxc5 6. Qe2 Nc6 7. Ngf3 O-O 8. e5 Nd7 9. Nb3 Be7 10. h4 f5 11.
exf6 Nxf6 12. Bf4 a5 13. a4 Nb4 14. Ng5 Nxd3+ 15. cxd3 Qb6 16. Nd2 Qb4 17. Be5 Ng4 18.
Bc3 Qf4 19. Ndf3 e5 20. Bxe5 Bb4+ 21. Kf1 Nxe5 22. Qxe5 Bf5 23. Qxd5+ Kh8 24. Ne6 Bxe6 25. Qxe6 Rae8 26. Qc4 Qf6 27. d4 Re4 28. Qd3 Rf4 29.
Rh3 h6 30. Kg1 Rg4 31. h5 Bd6 32. Re1 Bb8 33. Re2 Qf4 34. Qe3 Qf5 35. Qe6 Qb1+ 36. Re1 Qxb2 37. Qxg4 Qb4 38. Rf1 Qxa4 39. Nh4 Kg8 40.
Qe6+ Kh7 41. Ng6 Qa2 42. Nxf8+ Kh8 43. Qxa2 1-0

[Event "*** Titled Tuesday 3|2 Blitz"]
[Site "Chess.com"]
[Date "2016.05.03"]
[Round "7"]
[White "bugsbunny444"]
[Black "JusticeBot"]
[Result "1-0"]
[WhiteElo "2388"]
[BlackElo "2525"]
[TimeControl "180+2"]
[EndTime "12:32:54 PDT"]
[Termination "bugsbunny444 won by resignation"]

1. Nf3 Nf6 2. c4 e6 3. g3 d5 4. Bg2 Nbd7 5. O-O dxc4 6. Qc2 c5 7. Na3 a6 8. Nxc4 b5 9. Nce5 Bb7 10. Nxf7 Be4 11.
Nxd8 Bxc2 12. Nxe6 Bd6 13. d3 Ke7 14. Nxg7 b4 15.
Nf5+ Ke6 16. Nxd6 Kxd6 17. Bf4+ Ke7 18. b3 a5 19. Rac1 a4 20. Rxc2 axb3 21. axb3 Ra3 22. Nd2 Kd8 23. Bd6 Re8 24. Bf3 Re6 25. Bxc5 Nxc5 26.
Rxc5 Ra2 27. Ne4 Nd7 28. Rd5 Ke7 29. Rxd7+ Kxd7 30. Nc5+ Ke7 31. Nxe6 Kxe6 32. Rb1 Ke5 33. Kf1 Kd4 34. Rc1 h5 35. Rc4+ Ke5 36. h4 Rb2 37.
Rxb4 Rc2 38. Rc4 Rb2 39. Bxh5 Rxb3 40. Bf3 Ra3 41. Kg2 Ra7 42. g4 Rh7 43. Kg3 Ra7 44. e3 Rd7 45. Rc5+ Kf6 46. d4 Ra7 47. Rc6+ Kg7 48.
Rb6 Ra1 49. g5 Rf1 50. h5 Rg1+ 51. Bg2 Kf7 52. h6 Ra1 53. g6+ Kf8 54. Rb8+ Ke7 55. g7 Ra6 56. g8=Q Rg6+ 57. Qxg6 1-0

[Event "*** Titled Tuesday 3|2 Blitz"]
[Site "Chess.com"]
[Date "2016.05.03"]
[Round "7"]
[White "Inopov"]
[Black "MinhGTrAn"]
[Result "0-1"]
[WhiteElo "2464"]
[BlackElo "2628"]
[TimeControl "180+2"]
[EndTime "12:32:55 PDT"]
[Termination "MinhGTrAn won by resignation"]

1. d4 Nf6 2. c4 e6 3. Nc3 Bb4 4. f3 Nc6 5. e4 e5 6. a3 Bxc3+ 7.
bxc3 d6 8. Be3 O-O 9. Bd3 b6 10. Ne2 Ba6 11. Ng3 Na5 12. Qe2 Qd7 13. a4 Qe6 14. d5 Qe8 15. O-O Nd7 16. f4 exf4 17.
Rxf4 Ne5 18. Nf5 Bxc4 19. Bxc4 Naxc4 20. Bd4 f6 21. Bf2 g5 22. Rf3 Nxf3+ 23. gxf3 Ne5 24. Kh1 Kh8 25. Nd4 Qh5 26. Rg1 Rae8 27. Rg3 Ng6 28.
Qc4 Rf7 29. Nf5 Ne7 30. Nd4 Rg8 31. Ne6 Ng6 32. Be3 h6 33. Qf1 Nh4 34. Qh3 f5 35. Bd4+ Kh7 36. e5 dxe5 37. Bxe5 c6 38. c4 cxd5 39.
cxd5 g4 40. Qf1 Nxf3 41. Rxf3 gxf3 42. d6 f2 43. Bg3 Qf3+ 0-1

[Event "*** Titled Tuesday 3|2 Blitz"]
[Site "Chess.com"]
[Date "2016.05.03"]
[Round "7"]
[White "chito89"]
[Black "Kacparov"]
[Result "1-0"]
[WhiteElo "2698"]
[BlackElo "2604"]
[TimeControl "180+2"]
[EndTime "12:32:57 PDT"]
[Termination "chito89 won by checkmate"]

1. e4 c5 2. Nc3 e6 3. Nf3 a6 4. g3 b5 5. Bg2 Bb7 6. d3 Nc6 7. O-O d6 8. Ng5 Be7 9. f4 Bxg5 10. fxg5 Nge7 11. Be3 Nd4 12. Ne2 e5 13. c3 Nxe2+ 14. Qxe2 O-O 15. h4 Rc8 16. h5 d5 17.
h6 g6 18. Qf2 d4 19. cxd4 cxd4 20. Bd2 Nc6 21. Rac1 Qd6 22. Bh3 Rcd8 23. a3 a5 24. Qf6 Qxf6 25. Rxf6 b4 26. Rfxc6 Bxc6 27. Rxc6 bxa3 28. bxa3 Rb8 29. Bxa5 Rb3 30. Bf1 Rfb8 31. Bb4 Rb1 32. Kg2 Rb2+ 33. Kf3 Rb1 34. Be2 Re8 35.
Bd6 f6 36. gxf6 Kf7 37. Rc7+ Kxf6 38. Rxh7 Rh1 39. Kg2 Re1 40. Bg4 g5 41. Rg7 Rb1 42. Bf5 Rb2+ 43. Kf3 g4+ 44. Kxg4 Rh2 45. Rg6+ Kf7 46. Kg5 Rg2 47. Rg7# 1-0